 Dungeon Crawl Stone Soup version 0.31-a0-801-gc67433417a (webtiles) character file.

Game seed: 6826332292058053326

59 Revguard the Trooper (level 3, -3/29 HPs)
             Began as a Demonspawn Fighter on Sept 20, 2023.
             Slain by a gnoll
             ... wielding a +0 halberd
              (13 damage)
             ... on level 2 of the Dungeon.
             The game lasted 00:04:01 (940 turns).

Revguard the Trooper (Demonspawn Fighter)            Turns: 940, Time: 00:04:01

Health: -3/29      AC:  9    Str: 24    XL:     3   Next: 78%
Magic:  3/3        EV:  9    Int:  9    God:
Gold:   34         SH:  4    Dex: 12    Spells: 2/2 levels left

rFire   . . .        a - +0 war axe
rCold   . . .        c - +0 buckler
rNeg    . . .        b - +0 scale mail
rPois   .            m - +0 helmet of Vimit {Str+6}
rElec   .            (no cloak)
rCorr   .            k - +0 pair of gloves
SInv    .            (no boots)
Will    .....        (no amulet) Stlth
                     (no ring)
HPRegen 0.24/turn    (no ring)
MPRegen 0.08/turn

%: no passive effects
@: mighty
A: powered by pain 2
a: no special abilities


You were on level 2 of the Dungeon.
You visited 1 branch of the dungeon, and saw 2 of its levels.

You collected 34 gold pieces.

Inventory:

Hand Weapons
 a - a +0 war axe (weapon)
Armour
 b - a +0 scale mail (worn)
 c - a +0 buckler (worn)
 k - a +0 pair of gloves (worn)
 m - the +0 helmet of Vimit (worn) {Str+6}
   (You found it on level 2 of the Dungeon)

   Str+6:     It affects your strength (+6).
Scrolls
 f - a scroll of noise {unknown}
 h - a scroll of teleportation {unknown}
 i - a scroll of identify {unknown}
 j - a scroll of poison {unknown}
 n - a scroll of vulnerability {unknown}
Potions
 e - 3 potions of curing {unknown}
 g - a potion of invisibility {unknown}
 l - a potion of resistance {unknown}


   Skills:
 * Level 3.3 Fighting
 + Level 2.0 Axes
 * Level 3.0 Armour
 + Level 0.6 Dodging
 * Level 3.2 Shields
 + Level 1.2 Invocations
 + Level 0.8 Evocations


You had 2 spell levels left.
You didn't know any spells.
Your spell library contained the following spells:

 Spells                   Type           Power      Damage    Failure   Level
 Blink                    Tloc           0%         N/A       87%         2
 Lesser Beckoning         Tloc           0%         N/A       87%         2
 Momentum Strike          Conj/Tloc      0%         3d8       87%         2


Dungeon Overview and Level Annotations

Branches:
Dungeon (2/15)

Altars:


Innate Abilities, Weirdness & Mutations

You sometimes gain power by taking damage.


Message History

You closely miss the goblin. The goblin hits you but does no damage.
You slash the goblin!
You kill the goblin!
Things that are here:
a +0 club; a goblin corpse You open the door.
There is an open door here.
Found a stone staircase leading down.
Found a whip.
A gnoll comes into view. It is wielding a +0 halberd.
The gnoll shouts!
You hear a shout!
You hear a bark!
A gnoll comes into view. It is wielding a +0 halberd.
A jackal comes into view.
Found a scroll labelled BATESU ALIXKUET.
The jackal barks!
A jackal comes into view.
A goblin comes into view. It is wielding a +0 dagger.
A gnoll comes into view. It is wielding a +0 rapier.
A gnoll comes into view. It is wielding a +0 spear.
The gnoll hits you but does no damage.
A jackal comes into view.
The gnoll shouts!
The jackal barks!
A giant cockroach comes into view.
You block the gnoll's attack.
The jackal moves out of view.
You feel very mighty all of a sudden. The gnoll hits you with a +0 halberd.
The jackal bites you. The gnoll barely misses you. x2
You barely miss the gnoll. You closely miss the jackal. The jackal bites you.
The jackal barely misses you. The gnoll hits you but does no damage.
The gnoll hits you with a +0 halberd.
You slash the gnoll!
You kill the gnoll!
You barely miss the jackal. You block the jackal's attack.
The gnoll hits you but does no damage. The jackal bites you.
The gnoll hits you from afar with a +0 halberd.
Your Armour skill increases to level 3!
The jackal completely misses you. The jackal barely misses you.
The gnoll hits you from afar with a +0 spear.
The gnoll hits you from afar with a +0 halberd!
You die...

#.#.......'...+........
#.#########...#.#######
#.# #...#.# #.##
#...#.# #..## #####.#
##..### #.# ##...# #.#
###.## #.# #.@#
#.####### ##h#
#........


ggg. ######### .hB.... #......... #...?..... #........# #........# You could see
3 gnolls, 2 jackals and a giant cockroach.

Vanquished Creatures
  A gnoll (D:2)
  5 ball pythons (D:1)
  7 bats
  4 endoplasms
  4 giant cockroaches (D:1)
  3 goblins
  3 hobgoblins
  3 jackals (D:2)
  A quokka (D:1)
  3 frilled lizards
  4 kobolds
  4 rats
42 creatures vanquished.

Notes
Turn   | Place    | Note
-------+----------+-------------------------------------------
     0 | D:1      | Revguard the Demonspawn Fighter began the quest for the
                  | Orb.
     0 | D:1      | Reached XP level 1. HP: 18/18 MP: 1/1
   237 | D:1      | Gained mutation: You sometimes gain a little power by
                  | taking damage. [demonic ancestry]
   237 | D:1      | Reached XP level 2. HP: 21/24 MP: 2/2
   549 | D:1      | Reached skill level 1 in Invocations
   598 | D:1      | Gained mutation: You sometimes gain power by taking damage.
                  | [demonic ancestry]
   598 | D:1      | Reached XP level 3. HP: 28/29 MP: 3/3
   796 | D:2      | Identified the +0 helmet of Vimit {Str+6}
   940 | D:2      | Slain by a gnoll

Illustrated notes

Levels and vault maps discovered:
D:1:      mrwooster_arrival_statue, layout_loops_cross, minmay_statues_item
D:2:      layout_basic

Skill      XL: |  1  2  3 |
---------------+----------+-----
Invocations    | 1 |  1.2
Shields        | 3 |  3.2
Axes           | 2 |  2.0
Armour         | 3 |  3.0
Fighting       | |  3.3
Dodging        | |  0.6
Evocations     | |  0.8

Action                     || total
---------------------------++-------
  Melee: War axe           ||    99
    Use: Potion            ||     1
 Armour: Scale mail        ||    82
  Dodge: Dodged            ||    56
  Block: Buckler           ||    24

Table legend: (Time is in decaauts)
 A = Elapsed time spent in this place.
 B = Non-inter-level travel time spent in this place.
 C = Inter-level travel time spent in this place.
 D = Time resting spent in this place.
 E = Time spent auto-exploring this place.
 F = Levels seen in this place.
 G = Mean time per level.
                   A        B        C        D        E       F      G
               +--------+--------+--------+--------+--------+-----+--------+
         Total |    984 |    972 |     12 |      0 |    623 |   2 |  492.0 |
       Dungeon |    984 |    972 |     12 |      0 |    623 |   2 |  492.0 |
               +--------+--------+--------+--------+--------+-----+--------+

Top non-repeatable levels by time:
     D:1: 721 daAuts
     D:2: 262 daAuts
